 Dungeon Crawl Stone Soup version 0.28-a0-71-g84acfa7270 (webtiles) character file.

Game seed: 3082692313211316986

3432 Gentos the Spear-Bearer (level 9, -5/81 HPs)
             Began as a Minotaur Berserker on July 29, 2021.
             Was a Priest of Trog.
             Slain by a cyclops (8 damage)
             ... on level 7 of the Dungeon on Aug 1, 2021.
             The game lasted 01:10:29 (7080 turns).

Gentos the Spear-Bearer (Minotaur Berserker)        Turns: 7080, Time: 01:10:29

Health: -5/81      AC: 17    Str: 23    XL:     9   Next: 77%
Magic:  8/8        EV:  7    Int:  4    God:    Trog [***...]
Gold:   369        SH: 15    Dex: 14    Spells: 8/8 levels left

rFire   . . .      SeeInvis +   H - +2 broad axe (freeze)
rCold   + . .      Faith    +   n - +0 tower shield
rNeg    . . .      Spirit   .   K - +4 scale mail {Will+}
rPois   +          Reflect  .   a - +2 hood of the Assassin {Detection Stab+ Stlth++}
rElec   .          Harm     .   o - +2 cloak {Will+}
rCorr   .          Rampage  .   (no gloves)
Will    ++...                   (no boots)
Stlth   ++........              J - amulet of faith
HPRegen 0.23/turn               I - ring "Corat" {Ice rPois Dex+2 SInv Stlth-}
MPRegen 0.11/turn               B - ring of protection from fire

@: marked
A: horns 2, retaliatory headbutt
a: Renounce Religion, Berserk, Trog's Hand


You were on level 7 of the Dungeon.
You worshipped Trog.
Trog was most pleased with you.
You visited 2 branches of the dungeon, and saw 8 of its levels.
You also visited: Sewer.

You collected 369 gold pieces.

Inventory:

Hand Weapons
 e - a +4 quarterstaff of chaos
 x - a +0 vorpal spear
 H - a +2 broad axe of freezing (weapon)
Armour
 a - the +2 hood of the Assassin (worn) {Detection Stab+ Stlth++}
   (You found it on level 4 of the Dungeon)

   It allows the wearer to sense nearby creatures.
   It allows the wearer to make particularly effective stabbing attacks against
   helpless or unaware enemies with any weapon.
   Stlth:     It makes you much more stealthy.
 n - a +0 tower shield (worn)
 o - a +2 cloak of willpower (worn)
 K - a +4 scale mail of willpower (worn)
Magical Staves
 w - a staff of cold
Jewellery
 l - a ring of ice
 B - a ring of protection from fire (right hand)
 I - the ring "Corat" (left hand) {Ice rPois Dex+2 SInv Stlth-}
   (You found it on level 7 of the Dungeon)

   [ring of ice]

   It enhances your ice magic.
   Dex:       It affects your dexterity (+2).
   rF:        It makes you vulnerable to fire.
   rC:        It protects you from cold.
   rPois:     It protects you from poison.
   SInv:      It lets you see invisible.
   Stlth:     It makes you less stealthy.
 J - an amulet of faith (around neck)
Wands
 c - a wand of digging (4)
Scrolls
 d - a scroll of immolation
 f - 2 scrolls of teleportation {unknown}
 g - a scroll of brand weapon {unknown}
 h - a scroll of noise {unknown}
 j - 6 scrolls of identify {unknown}
 p - a scroll of holy word {unknown}
 r - a scroll of summoning {unknown}
 u - 2 scrolls of fear {unknown}
 y - a scroll of enchant armour {unknown}
 z - a scroll of amnesia {unknown}
 D - 2 scrolls of magic mapping {unknown}
 G - a scroll of fog {unknown}
Potions
 b - a potion of curing
 i - 5 potions of haste {unknown}
 k - a potion of attraction {unknown}
 m - a potion of magic {unknown}
 q - 2 potions of might {unknown}
 s - 6 potions of heal wounds {unknown}
 t - 5 potions of brilliance {unknown}
 v - a potion of invisibility {unknown}
 A - a potion of ambrosia {unknown}
 C - a potion of mutation {unknown}
 E - a potion of flight {unknown}


   Skills:
 - Level 8.1 Fighting
 * Level 5.0(8.1) Axes
 - Level 9.9(10.6) Polearms
 - Level 3.5(7.3) Staves
 + Level 6.5 Armour
 + Level 4.2 Dodging
 + Level 3.4 Stealth
 * Level 3.9 Shields
 + Level 1.0 Evocations


You had 8 spell levels left.
You didn't know any spells.
Your spell library contained the following spells:

 Spells                   Type           Power      Damage    Failure   Level
 Passwall                 Tmut/Erth      0%         N/A       100%        2
 Swiftness                Air            0%         N/A       100%        3
 Invisibility             Hex            0%         N/A       100%        6


Dungeon Overview and Level Annotations

Branches:
Dungeon (7/15)             Temple (1/1) D:6           Sewer (visited)

Altars:
Ashenzari
Cheibriados
Dithmenos
Elyvilon
Gozag
Hepliaklqana
Kikubaaqudgha
Makhleb
Nemelex Xobeh
Okawaru
Qazlal
Ru
Sif Muna
Uskayaw
Vehumet
Wu Jian
Xom
Yredelemnul
Zin
The Shining One

Shops:
D:4 !


Innate Abilities, Weirdness & Mutations

You have a pair of horns on your head.
You reflexively headbutt those who attack you in melee.


Message History

You headbutt the gnoll shaman!
The gnoll shaman hits you but does no damage.
You hit the gnoll shaman. You freeze the gnoll shaman.
The gnoll shaman is severely wounded.
You block the gnoll shaman's attack.
The gnoll shaman utters an invocation to its god.
The gnoll shaman is healed somewhat.
You hit the gnoll shaman but do no damage.
The gnoll shaman is moderately wounded.
You recover from your berserk rage.
The gnoll shaman hits you but does no damage.
You hit the gnoll shaman but do no damage.
The gnoll shaman is moderately wounded.
You block the gnoll shaman's attack.
The gnoll shaman hits you but does no damage.
You barely miss the gnoll shaman.
The gnoll shaman is moderately wounded.
The gnoll shaman hits you but does no damage.
You barely miss the gnoll shaman.
The gnoll shaman is moderately wounded.
The gnoll shaman hits you but does no damage.
You block the gnoll shaman's attack.
You slash the gnoll shaman! You freeze the gnoll shaman.
You kill the gnoll shaman!
Trog accepts your kill.
Your base Axes skill increases to level 5!
Your skin crawls.
You feel strong-willed.
You feel the effects of Trog's Hand fading.
Items here: )) [[ ††.
You see here a water moccasin corpse.
Your skin stops crawling.
You feel less strong-willed.
Found a stone staircase leading up.
A cyclops comes into view.
The cyclops throws a large rock.
The large rock hits you!!
* * * LOW HITPOINT WARNING * * *
You feel better.
The cyclops throws a large rock.
The large rock hits you!!
* * * LOW HITPOINT WARNING * * *
The cyclops hits you!
You die...

... #...# #.##..# #.....#
####..# #..# #..# .. #..# ..
####..# .. #....@# .. #.##.C###
.. .. #.....## .. .###
#.......### ..######.....
#.........### #)..<.....#
..####......### { #.♣♣♣♣+♣♣♣♣ #.
........####{ #.'....(..+
#########.##.....##
#.♣.#...#.♣#####............<...


You could see a cyclops.

Vanquished Creatures
  Harold (D:7)
  2 shadows (D:6)
  A wyvern (D:7)
  3 water moccasins
  Purgy (Sewer)
  An ice beast (D:5)
  4 black bears
  An ogre (D:6)
  A centaur (D:7)
  A kobold brigand (D:6)
  Blork the orc (D:4)
  5 scorpions
  2 bullfrog zombies
  2 howler monkeys (D:6)
  A centaur zombie (D:6)
  5 jellies
  A gnoll shaman (D:7)
  Crazy Yiuf (D:2)
  Jessica (D:2)
  A bullfrog skeleton (D:5)
  4 iguanas
  2 orc wizards (D:3)
  Natasha (thrice) (D:4)
  A howler monkey zombie (D:6)
  A howler monkey skeleton (D:4)
  9 adders
  A river rat (D:3)
  A white imp (D:5)
  An adder skeleton (D:4)
  2 worms (D:3)
  5 orcs
  9 endoplasms (D:2)
  5 giant cockroaches
  4 goblins
  4 hobgoblins
  2 jackals (D:5)
  11 kobolds
  6 ball pythons
  5 bats
  5 frilled lizards
  4 rats
121 creatures vanquished.

Vanquished Creatures (others)
  4 fungi (D:2)
  9 toadstools (D:2)
13 creatures vanquished.

Grand Total: 134 creatures vanquished

Notes
Turn   | Place    | Note
-------+----------+-------------------------------------------
     0 | D:1      | Gentos the Minotaur Berserker began the quest for the Orb.
     0 | D:1      | Reached XP level 1. HP: 19/19 MP: 0/0
    46 | D:1      | Found a faded altar of an unknown god.
   529 | D:1      | Reached XP level 2. HP: 22/27 MP: 1/1
   634 | D:1      | Reached skill level 4 in Polearms
  1065 | D:2      | Reached XP level 3. HP: 24/34 MP: 2/2
  1377 | D:2      | Reached ** piety under Trog
  1425 | D:2      | Reached skill level 5 in Fighting
  1425 | D:2      | Reached XP level 4. HP: 37/42 MP: 3/3
  1436 | D:2      | Reached skill level 5 in Polearms
  1486 | D:2      | Reached XP level 5. HP: 27/48 MP: 4/4
  2016 | D:2      | Found a runed translucent door.
  2017 | D:2      | Noticed Crazy Yiuf
  2027 | D:2      | Killed Crazy Yiuf
  2277 | D:2      | Noticed Jessica
  2282 | D:2      | Killed Jessica
  2412 | D:3      | Found a shimmering blue altar of Sif Muna.
  2417 | D:3      | Reached skill level 1 in Staves
  2437 | D:3      | Reached XP level 6. HP: 49/57 MP: 5/5
  2518 | D:3      | Found a glowing drain.
  2532 | Sewer    | Entered a sewer
  2583 | Sewer    | Noticed Purgy
  2589 | Sewer    | Killed Purgy
  4154 | D:4      | Found the +2 hood of the Assassin {Detection Stab+ Stlth++}
  4351 | D:4      | Reached skill level 1 in Stealth
  4351 | D:4      | Reached XP level 7. HP: 61/64 MP: 6/6
  4423 | D:4      | Noticed Blork the orc
  4431 | D:4      | Killed Blork the orc
  4474 | D:4      | Noticed Natasha
  4477 | D:4      | Killed Natasha
  4478 | D:4      | Reached skill level 6 in Polearms
  4489 | D:4      | Found Mineahia's Distillery.
  4529 | D:4      | Noticed Natasha
  4539 | D:4      | Killed Natasha
  4548 | D:4      | Noticed Natasha
  4555 | D:4      | Killed Natasha
  5158 | D:5      | Entered Level 5 of the Dungeon
  5215 | D:5      | Reached skill level 7 in Polearms
  5216 | D:5      | Upgraded the game from 0.28-a0-46-g7b1be97da7 to
                  | 0.28-a0-71-g84acfa7270
  5223 | D:5      | Found a glowing golden altar of the Shining One.
  5223 | D:5      | Found a snail-covered altar of Cheibriados.
  5223 | D:5      | Found a white marble altar of Elyvilon.
  5333 | D:5      | Reached XP level 8. HP: 70/73 MP: 7/7
  5456 | D:5      | You fall into a shaft and drop 1 floor!
  5491 | D:6      | Reached skill level 8 in Polearms
  5491 | D:6      | Reached skill level 5 in Armour
  5645 | D:6      | Reached *** piety under Trog
  5673 | D:6      | Found a radiant altar of Vehumet.
  5721 | D:6      | Reached skill level 9 in Polearms
  5776 | D:6      | Reached skill level 1 in Evocations
  5776 | D:6      | Reached XP level 9. HP: 18/81 MP: 8/8
  6021 | D:6      | Found a staircase to the Ecumenical Temple.
  6032 | Temple   | Entered the Ecumenical Temple
  6811 | D:7      | Found an ancient bone altar of Kikubaaqudgha.
  6844 | D:7      | Identified the ring "Corat" {Ice rPois Dex+2 SInv Stlth-}
  6884 | D:7      | Reached skill level 1 in Axes
  6884 | D:7      | Reached skill level 1 in Shields
  6995 | D:7      | Noticed Harold
  7024 | D:7      | Killed Harold
  7051 | D:7      | Reached skill level 5 in Axes
  7074 | D:7      | Noticed a cyclops
  7077 | D:7      | HP: 2/81 [cyclops/large rock (22)]
  7080 | D:7      | Slain by a cyclops

Illustrated notes

Levels and vault maps discovered:
D:1:      saegor_arrival_simple_c, layout_loops_ring,
          hellmonk_ecumenical_altar_blasted, grunt_decor_fettered
D:2:      cheibrodos_fertilizer, layout_loops_corners, uniq_jessica,
          uniq_crazy_yiuf_cottage
D:3:      layout_basic, kennysheep_orc_sif_temple, portal_sewer_entry_a
D:4:      layout_basic, serial_shops, nicolae_take_the_stairs,
          uniq_blork_the_orc, uniq_natasha
D:5:      layout_rooms, gammafunk_temple_overflow_claw
D:6:      layout_rooms, mainiacjoe_overflow_brackets,
          minmay_temple_entry_butterflies, minivault_25, grunt_tough_drop
D:7:      minmay_the_grid_triangle_9x9_rhombus_full
          [minmay_the_grid_triangle_9x9_steps,
          minmay_the_grid_triangle_9x9_cache,
          minmay_the_grid_triangle_9x9_thin_v,
          minmay_the_grid_triangle_9x9_descending_squares,
          minmay_the_grid_triangle_9x9_zippers_horizontal,
          minmay_the_grid_triangle_9x9_fully_insulated_deathbox,
          minmay_the_grid_triangle_9x9_shrine,
          minmay_the_grid_triangle_9x9_prize_special], layout_rooms,
          mainiacjoe_overflow_six_doors_small, chequers_serial_rivers_small_b,
          uniq_harold
Temple:   regret_index_temple_generic_petals

Skill      XL: |  1  2  3  4  5  6  7  8  9 |
---------------+----------------------------+-----
Polearms       | 4 5 7 9 |  9.9
Fighting       | 4 5 6 7 8 |  8.1
Armour         | 3 4 5 6 |  6.5
Dodging        | 3 4 |  4.2
Staves         | 1 3 |  3.5
Stealth        | 1 2 3 |  3.4
Evocations     | 1 |  1.0
Axes           | 5 |  5.0
Shields        | 3 |  3.9

Action                   |  1- 3 |  4- 6 |  7- 9 || total
-------------------------+-------+-------+-------++-------
Melee: Spear             |    54 |    71 |   194 ||   319
       Headbutt          |     5 |    27 |    46 ||    78
       Quarterstaff      |       |    60 |       ||    60
       Broad axe         |       |       |    36 ||    36
Invok: Trog's Hand       |     2 |     3 |     4 ||     9
       Berserk           |       |     1 |     2 ||     3
Evoke: Wand              |       |     2 |     4 ||     6
  Use: Potion            |       |       |     3 ||     3
 Stab: Sleeping          |       |     1 |     8 ||     9
       Paralysed         |       |     1 |       ||     1
Armor: Animal skin       |     5 |       |       ||     5
       Ring mail         |     5 |    56 |    28 ||    89
       Scale mail        |       |       |    48 ||    48
Dodge: Dodged            |    25 |    58 |    68 ||   151
Block: Tower shield      |       |       |    43 ||    43

Table legend: (Time is in decaauts)
 A = Elapsed time spent in this place.
 B = Non-inter-level travel time spent in this place.
 C = Inter-level travel time spent in this place.
 D = Time resting spent in this place.
 E = Time spent auto-exploring this place.
 F = Levels seen in this place.
 G = Mean time per level.
                   A        B        C        D        E       F      G
               +--------+--------+--------+--------+--------+-----+--------+
         Total |   7132 |   7132 |      0 |      0 |   1140 |   9 |  792.4 |
       Dungeon |   6583 |   6583 |      0 |      0 |   1103 |   7 |  940.4 |
        Temple |    238 |    238 |      0 |      0 |      1 |   1 |  238.0 |
         Sewer |    310 |    310 |      0 |      0 |     35 |   1 |  310.0 |
               +--------+--------+--------+--------+--------+-----+--------+

Top non-repeatable levels by time:
     D:3: 1454 daAuts
     D:2: 1424 daAuts
     D:4: 1044 daAuts
     D:1: 982 daAuts
     D:6: 697 daAuts
     D:5: 662 daAuts
     D:7: 317 daAuts
   Sewer: 310 daAuts
  Temple: 238 daAuts
